AoeStats
← JacekSoplica(ksiądzRobak prime)

Arabia

506397763Analyzed
1v1 RM · 19d ago on Sep 13, 2026· 53m 50s· 2 players
Game mode
Random Map
Map size
Tiny (2 player)
Population
200
Speed
Normal
Resources
Standard
Victory
Conquest
Starting age
Dark Age
Ending age
Imperial Age
RankedLock teamsTeams togetherTeam positionsShared explorationLock speedFull tech treeHidden civsTurbo modeCheats
Victory
Defeat
🇬🇧 Maya · United Kingdom
716
+17
737
-17
Payaso
10:40 Feudal Age
11:49 Gold Mining
11:53 Double-Bit Axe
11:51 Horse Collar
19:15 Fletching
19:29 Scale Mail Armor
20:30 Loom
20:42 Gold Mining
25:38 Castle Age
25:36 Forging
25:42 Eagle Warrior
26:10 Arson
25:49 Eagle Warrior
26:25 Stone Mining
26:47 Bow Saw
27:18 Bodkin Arrow
26:47 Crossbowman
27:43 Squires
28:02 Padded Archer Armor
36:06 Town Watch
36:57 Wheelbarrow
37:28 Iron Casting
38:06 Chain Mail Armor
39:19 Leather Archer Armor
39:37 Thumb Ring
39:08 Elite Skirmisher
49:51 Imperial Age
47:27 Hul'che Javelineers
48:39 Town Patrol
48:55 Hand Cart
50:20 Elite Plumed Archer
51:34 Holcans
51:25 Conscription
51:41 Hoardings
50:35 Capped Ram
52:07 Siege Ram
53:23 Ballistics
54:04 Chemistry
53:03 Murder Holes
JacekSoplica(ksiądzRobak prime)
9:34 Feudal Age
15:08 Double-Bit Axe
22:48 Castle Age
27:03 Forging
40:44 Town Watch
41:17 Gold Mining
42:42 Scale Barding Armor
43:07 Elite Skirmisher
43:44 Fletching
43:55 Padded Archer Armor
47:24 Loom
52:49 Imperial Age
53:39 Iron Casting
52:55 Horse Collar
Connection lost

Rejoining the realm…

Still unreachable

The connection could not be restored.

Session expired

The server has moved on; the page needs a fresh start.